 Dungeon Crawl Stone Soup version 0.23-a0-175-g97aacdb306 (webtiles) character file.

14 Holzbalken the Cudgeler (level 2, -2/22 HPs)
             Began as a Demonspawn Gladiator on Sept 16, 2018.
             Slain by a goblin
             ... wielding a cursed -2 club
              (3 damage)
             ... on level 2 of the Dungeon.
             The game lasted 00:01:03 (220 turns).

Holzbalken the Cudgeler (Demonspawn Gladiator)       Turns: 220, Time: 00:01:04

Health: -2/22      AC:  4    Str: 14    XL:     2   Next: 31%
Magic:  2/2        EV: 12    Int:  9    God:
Gold:   10         SH:  0    Dex: 14    Spells: 1/1 levels left

rFire    . . .     SeeInvis .   a - +0 flail
rCold    . . .     Gourm    .   (no shield)
rNeg     . . .     Faith    .   b - +0 leather armour
rPois    .         Spirit   .   c - +0 helmet
rElec    .         Reflect  .   (no cloak)
rCorr    .         Harm     .   (no gloves)
MR       .....                  (no boots)
Stlth    +.........             (no amulet)
HPRegen  0.07/turn              (no ring)
MPRegen  0.08/turn              (no ring)

@: lethally poisoned (-2 -> -9)
A: powered by pain 1
a: no special abilities


You were on level 2 of the Dungeon.
You were not hungry.

You visited 1 branch of the dungeon, and saw 2 of its levels.

You collected 10 gold pieces.

Inventory:

Hand Weapons
 a - a +0 flail (weapon)
 e - a +2 vampiric dagger
Missiles
 d - 3 throwing nets (quivered)
Armour
 b - a +0 leather armour (worn)
 c - a +0 helmet (worn)
Comestibles
 f - a ration
 g - a chunk of flesh


   Skills:
 - Level 2.0 Fighting
 + Level 3.4 Maces & Flails
 - Level 1.7 Throwing
 - Level 2.6 Dodging


You had one spell level left.
You didn't know any spells.
Your spell library was empty.

Dungeon Overview and Level Annotations

Branches:
Dungeon (2/15)

Altars:


Innate Abilities, Weirdness & Mutations

You sometimes gain a little power by taking damage.


Message History

There is a stone staircase leading up here.
The goblin hits you with a club.
An adder comes into view.
The goblin hits you but does no damage. 3 jackals come into view.
The jackal barks! x3; You hear an angry hiss.
The goblin misses you.
Found a robe.
The jackal completely misses you. The dart slug barely misses you.
The adder bites you but does no damage. The adder barely misses you.
The adder bites you.
You are poisoned.
The adder poisons you! The goblin misses you. The goblin closely misses you.
You feel sick. The jackal bites you.
* * * LOW HITPOINT WARNING * * *
The jackal barely misses you. The adder bites you.
* * * LOW HITPOINT WARNING * * *
The adder closely misses you. The dart slug closely misses you.
The goblin hits you with a club.
You die...

. ####### ≈.
#.....# ≈.≈
#..>..#
≈.≈≈#....<#
.......K..#
......gwg.#
......S@Sh#
......hhh......
...............
.....####....[..
#.... #.......
#### #.......
....... .....


You could see 2 adders, a dart slug, 4 jackals, 2 goblins and a kobold.

Vanquished Creatures
  2 dart slugs (D:1)
  A bat (D:1)
  A giant cockroach (D:1)
  A goblin (D:1)
  2 hobgoblins (D:1)
  2 kobolds (D:1)
  A rat (D:1)
10 creatures vanquished.

Notes
Turn   | Place    | Note
-------+----------+-------------------------------------------
     0 | D:1      | Holzbalken the Demonspawn Gladiator began the quest for the
                  | Orb.
     0 | D:1      | Reached XP level 1. HP: 16/16 MP: 1/1
    66 | D:1      | Reached skill level 3 in Maces & Flails
   132 | D:1      | Gained mutation: You sometimes gain a little power by
                  | taking damage. [demonic ancestry]
   132 | D:1      | Reached XP level 2. HP: 22/22 MP: 2/2
   220 | D:2      | HP: 1/22 [adder (4)]
   220 | D:2      | Slain by a goblin

Vault maps used:
D:1:      eino_arrival_cavern_c, serial_bayou_lagoon_a
D:2:      kennysheep_okawaru_gauntlet, first_ration, elyvilon_altar_5

Skill      XL: |  1 |
---------------+----+-----
Maces & Flails | 3 |  3.4
Fighting       | |  2.0
Throwing       | |  1.7
Dodging        | |  2.6

Action                   || total
-------------------------++-------
Melee: Flail             ||    25
Armor: Leather armour    ||    16
Dodge: Dodged            ||    47

Table legend:
 A = Non-vault XP
 B = Vault XP
 C = Vault XP percentage of total XP
 D = Non-vault monster count
 E = Vault monster count
 F = Vault count percentage of total count
                 A         B        C        D         E       F
            +---------+---------+-------+---------+---------+-------
      Total |      21 |       0 |   0.0 |      10 |       0 |   0.0
            +---------+---------+-------+---------+---------+-------
        D:1 |      21 |       0 |   0.0 |      10 |       0 |   0.0
            +---------+---------+-------+---------+---------+-------
